cohdb
Replays
Latest Replays
All Replays
Popular Replays
Top Player Replays
Match Explorer
How It Works
Community
CoH3 Stats
Reddit
Sign in to upload your games and track your stats! →
Sign in with Steam
Match 41054523
Unlisted
Match 41054523
Overview
Messages
Build Orders
End
Selects Armored Battlegroup
Selects Veteran Crews
Construct Barracks
Engineer Squad
Riflemen Squad
Riflemen Squad
Construct Weapon Support Center
M1919 Machine Gun Team
Grenade Package
Mechanized Support Center
Construct Medical Station
M1 Mortar Team
M1 Mortar Team
Construct Motor Pool
Selects Strength in Steel
M3 Armored Personnel Carrier
M3 Armored Personnel Carrier
Scout Squad
Fairlight
Casino
Greymatter
LightKazi
Puffrey_Diddlestone
ロイヤルメイド長ベル
vincent
InQueror
0
0
Comments
sign in to comment!
No comments posted yet!